AoeStats
← Pwncakes

African Clearing

506908246Analyzed
4v4 RM · 18d ago on Sep 15, 2026· 35m 49s· 8 players
Game mode
Random Map
Map size
Large (8 player)
Population
200
Speed
Normal
Resources
Standard
Victory
Conquest
Starting age
Dark Age
Ending age
Imperial Age
RankedLock teamsTeams togetherTeam positionsShared explorationLock speedFull tech treeHidden civsTurbo modeCheats
Victory
Defeat
🇫🇷 Lithuanians · France
1374
+14
🇩🇪 Romans · Germany
1319
+16
🇩🇪 Bohemians · Germany
1310
+17
🇩🇪 Burgundians · Germany
1309
+17
🇺🇸 Teutons · United States
1369
-17
🇺🇸 Muisca · United States
1327
-16
🇨🇳 Lithuanians · China
1320
-16
🇩🇪 Goths · Germany
1307
-15
Carpii
4:05 Loom
15:20 Feudal Age
30:35 Double-Bit Axe
31:50 Bow Saw
32:09 Forging
32:04 Scale Barding Armor
36:43 Castle Age
35:05 Horse Collar
35:20 Gold Mining
SaynhurChouk
13:16 Feudal Age
17:41 Castle Age
19:23 Double-Bit Axe
21:48 Wheelbarrow
24:30 Scale Barding Armor
27:01 Forging
32:17 Loom
DesFroschi
6:19 Loom
13:39 Feudal Age
17:27 Castle Age
17:28 Double-Bit Axe
17:25 Horse Collar
23:41 Wheelbarrow
SUZUKI GSX-R-1000 ♥
6:05 Loom
17:01 Feudal Age
17:28 Man-at-Arms
18:38 Scale Mail Armor
18:49 Forging
19:25 Horse Collar
19:46 Double-Bit Axe
26:33 Castle Age
26:35 Long Swordsman
27:16 Squires
27:35 Chain Mail Armor
28:14 Iron Casting
29:05 Heavy Plow
30:42 Bow Saw
34:30 Wheelbarrow
Spätzlepfanne
4:05 Loom
13:10 Feudal Age
13:55 Double-Bit Axe
14:26 Horse Collar
17:39 Fletching
20:14 Scale Mail Armor
20:39 Gold Mining
21:04 Stone Mining
26:24 Castle Age
SLAMCOW
5:20 Loom
15:05 Feudal Age
15:42 Double-Bit Axe
20:00 Castle Age
18:56 Scale Barding Armor
19:31 Bloodlines
22:46 Wheelbarrow
22:30 Bow Saw
27:26 Town Watch
28:06 Gold Mining
28:07 Stone Mining
35:10 Chain Barding Armor
34:50 Scale Mail Armor
Pwncakes
10:09 Loom
12:42 Feudal Age
13:09 Double-Bit Axe
13:07 Fishing Lines
14:19 Fishing Lines
16:28 Wheelbarrow
21:21 Castle Age
20:21 Gold Mining
21:03 Scale Mail Armor
21:03 Champi Runner
21:55 Forging
22:17 Squires
21:38 Champi Warrior
22:31 Bow Saw
22:48 Gillnets
26:01 Chain Mail Armor
29:12 Iron Casting
34:51 Fletching
老狐狸
10:10 Loom
12:17 Feudal Age
12:43 Man-at-Arms
20:08 Scale Mail Armor
20:18 Forging
25:43 Castle Age
28:46 Castle Age
30:38 Wheelbarrow
Connection lost

Rejoining the realm…

Still unreachable

The connection could not be restored.

Session expired

The server has moved on; the page needs a fresh start.